 Dungeon Crawl Stone Soup version 0.27-a0-77-gd04b7445b5 (webtiles) character file.

Game seed: 9044922691298707027

183 gruber the Stinger (level 5, 0/31 HPs)
             Began as an Octopode Venom Mage on Jan 13, 2021.
             Fell down a flight of stairs (1 damage)
             ... on level 3 of the Dungeon.
             The game lasted 00:02:31 (2746 turns).

gruber the Stinger (Octopode Venom Mage)            Turns: 2746, Time: 00:02:32

Health: 0/31       AC:  1    Str:  7    XL:     5   Next: 62%
Magic:  7/8        EV: 13    Int: 18    God:
Gold:   89         SH:  0    Dex: 13    Spells: 2/9 levels left

rFire    . . .     SeeInvis .   b - +0 dagger (drain)
rCold    . . .     Faith    .   (no shield)
rNeg     . . .     Spirit   .   (helmet restricted)
rPois    .         Reflect  .   (no amulet)
rElec    .         Harm     .   a - ring of wizardry
rCorr    .         Rampage  .   (no ring)
Will     .....                  (no ring)
Stlth    ++........             (no ring)
HPRegen  0.10/turn              (no ring)
MPRegen  0.11/turn              (no ring)
                                (no ring)
                                (no ring)

@: confused, lethally poisoned (0 -> -15)
A: almost no armour, stealthy swim, amphibious, 8 rings, constrict 8, camouflage
1, gelatinous body 1
a: no special abilities


You were on level 3 of the Dungeon.
You visited 1 branch of the dungeon, and saw 3 of its levels.

You collected 89 gold pieces.

Inventory:

Hand Weapons
 b - a +0 dagger of draining (weapon)
Jewellery
 a - a ring of wizardry (left tentacle)
 h - an uncursed ring of ice {unknown}
 i - an uncursed amulet of guardian spirit {unknown}
Scrolls
 c - 3 scrolls of identify {unknown}
 d - a scroll of blinking {unknown}
 e - 2 scrolls of remove curse {unknown}
 g - 2 scrolls of fear {unknown}
 j - a scroll of teleportation {unknown}
 k - a scroll of noise {unknown}
Potions
 f - a potion of heal wounds {unknown}


   Skills:
 - Level 2.0 Dodging
 - Level 2.6 Stealth
 * Level 2.6 Spellcasting
 - Level 1.0 Transmutations
 + Level 7.0 Poison Magic


You had 2 spell levels left.
You knew the following spells:

 Your Spells              Type           Power        Failure   Level
a - Sting                 Tmut/Pois      64%          1%          1
b - Mephitic Cloud        Conj/Pois/Air  10%          8%          3
c - Ignite Poison         Fire/Tmut/Pois 12%          7%          3

Your spell library contained the following spells:

 Spells                   Type           Power        Failure   Level
 Poisonous Vapours        Pois/Air       30%          2%          2
 Olgreb's Toxic Radiance  Pois           27%          4%          4


Dungeon Overview and Level Annotations

Branches:
Dungeon (3/15)

Altars:


Innate Abilities, Weirdness & Mutations

You cannot wear most types of armour.
You are very stealthy in the water. (Stealth+)
You are amphibious.
You can wear up to eight rings at the same time.
You can use your tentacles to constrict eight enemies at once.
Your skin changes colour to match your surroundings (Stealth+).
Your rubbery body absorbs attacks. (AC +1, EV +1)


Message History

You are confused.
An orc comes into view. It is wielding a +0 mace.
Unknown command.
Unknown command.
There is a stone staircase leading up, spattered with blood here.
The orc priest calls down the wrath of Beogh upon you.
Beogh smites you!
In your confused state, you trip and fall back down the stairs.
The orc wizard completely misses you.
An orc comes into view. It is wielding a +0 whip.
The orc priest calls down the wrath of Beogh upon you.
Beogh smites you!
* * * LOW HITPOINT WARNING * * *
Unknown command.
Unknown command.
The orc wizard hits you with a +1 dagger of venom!
* * * LOW HITPOINT WARNING * * *
You are lethally poisoned!
In your confused state, you trip and fall back down the stairs.
You die...

.# .# .# # #
##.##.# #.##
....#.###
#..)###...o...
#>####.#.).o#.#
#....(..)o....#
#######.@o...##
####.#.# ....#
##..# ..# .# .#


You could see an orc priest, an orc wizard (poisoned) and 2 orcs.

Vanquished Creatures
  An orc wizard (D:3)
  Terence (D:2)
  6 adders (D:2)
  An ooze (D:1)
  A worm (D:2)
  5 dart slugs
  2 leopard geckos
  5 orcs (D:3)
  4 bats
  A giant cockroach (D:1)
  4 goblins
  6 hobgoblins
  10 jackals
  3 frilled lizards
  3 rats
53 creatures vanquished.

Vanquished Creatures (others)
  9 plants (D:3)
9 creatures vanquished.

Grand Total: 62 creatures vanquished

Notes
Turn   | Place    | Note
-------+----------+-------------------------------------------
     0 | D:1      | gruber the Octopode Venom Mage began the quest for the Orb.
     0 | D:1      | Reached XP level 1. HP: 11/11 MP: 3/3
   282 | D:1      | Reached skill level 4 in Poison Magic
   308 | D:1      | Reached XP level 2. HP: 15/17 MP: 0/5
   746 | D:1      | Reached XP level 3. HP: 21/21 MP: 6/6
   750 | D:1      | Learned a level 3 spell: Mephitic Cloud
   751 | D:1      | Reached skill level 5 in Poison Magic
  1388 | D:2      | Reached XP level 4. HP: 27/27 MP: 4/7
  1543 | D:2      | Reached skill level 6 in Poison Magic
  1798 | D:2      | Noticed Terence
  1804 | D:2      | Learned a level 3 spell: Ignite Poison
  1818 | D:2      | Killed Terence
  1822 | D:2      | Reached XP level 5. HP: 18/31 MP: 5/8
  2589 | D:3      | Reached skill level 7 in Poison Magic
  2745 | D:3      | HP: 1/31 [orc wizard/+1 dagger of venom (7)]
  2746 | D:3      | Fell down a flight of stairs

Illustrated notes

Levels and vault maps discovered:
D:1:      dpeg_arrival_shrine, layout_loops_cross
D:2:      layout_loops_corners, uniq_terence
D:3:      layout_loops_ring, serial_bayou, serial_bayou_pond_c,
          serial_bayou_pond_e, serial_bayou_shore_b, serial_bayou_shore_b,
          serial_bayou_pond_e, serial_bayou_shore_b

Skill      XL: |  1  2  3  4  5 |
---------------+----------------+-----
Poison Magic   | 4 5 6 7 |  7.0
Dodging        | |  2.0
Stealth        | |  2.6
Spellcasting   | |  2.6
Transmutations | |  1.0

Action                   |  1- 3 |  4- 6 || total
-------------------------+-------+-------++-------
Melee: Unarmed           |     3 |       ||     3
       Dagger            |    44 |    41 ||    85
       Constrict         |    11 |    13 ||    24
       Tentacles         |     8 |     4 ||    12
 Cast: Sting             |    10 |    24 ||    34
 Stab: Sleeping          |     8 |     2 ||    10
Armor: Skin              |     5 |     3 ||     8
Dodge: Dodged            |    23 |    33 ||    56

Table legend: (Time is in decaauts)
 A = Elapsed time spent in this place.
 B = Non-inter-level travel time spent in this place.
 C = Inter-level travel time spent in this place.
 D = Time resting spent in this place.
 E = Time spent auto-exploring this place.
 F = Levels seen in this place.
 G = Mean time per level.
                   A        B        C        D        E       F      G
               +--------+--------+--------+--------+--------+-----+--------+
         Total |   2745 |   2712 |     33 |    102 |   2281 |   3 |  915.0 |
       Dungeon |   2745 |   2712 |     33 |    102 |   2281 |   3 |  915.0 |
               +--------+--------+--------+--------+--------+-----+--------+

Top non-repeatable levels by time:
     D:2: 1391 daAuts
     D:1: 1247 daAuts
     D:3: 107 daAuts
